 Dungeon Crawl Stone Soup version 0.30-a0-591-g3c58d2bc28 (webtiles) character file.

Game seed: 7296413840115242998

1017 Newt the Ducker (level 8, -8/60 HPs)
             Began as a Demonspawn Gladiator on Jan 4, 2023.
             Was a Priest of Sif Muna.
             Mangled by an orc warrior
             ... wielding a +0 battleaxe
              (13 damage)
             ... on level 6 of the Dungeon.
             The game lasted 00:05:15 (4615 turns).

Newt the Ducker (Demonspawn Gladiator)              Turns: 4615, Time: 00:05:16

Health: -8/60      AC:  7    Str: 17    XL:     8   Next: 1%
Magic:  14/14      EV: 13    Int: 10    God:    Sif Muna [***...]
Gold:   297        SH:  0    Dex: 14    Spells: 15/15 levels left

rFire   . . .      SeeInvis .    b - +1 sling (elec)
rCold   . . .      Faith    .    u - orb {light}
rNeg    . . .      Spirit   .    k - +0 leather armour
rPois   .          Reflect  .    c - +0 helmet
rElec   .          Harm     .    (no cloak)
rCorr   .          Rampage  .    (no gloves)
Will    .....                    s - +0 pair of boots
Stlth   +                        (no amulet)
HPRegen 0.30/turn                (no ring)
MPRegen 0.14/turn                (no ring)

@: glowing
A: hooves 1, yellow scales 1, foul stench 1
a: Renounce Religion, Channel Magic, Forget Spell


You were on level 6 of the Dungeon.
You worshipped Sif Muna.
Sif Muna was most pleased with you.
You visited 1 branch of the dungeon, and saw 6 of its levels.

You collected 297 gold pieces.

Inventory:

Hand Weapons
 a - a +0 rapier
 b - a +1 sling of electrocution (weapon)
Missiles
 d - a throwing net
 e - a javelin
 l - 6 boomerangs
Armour
 c - a +0 helmet (worn)
 k - a +0 leather armour (worn)
 s - a +0 pair of boots (worn)
 u - an orb of light (worn)
Jewellery
 p - an amulet of reflection
 q - an amulet of magic regeneration
Scrolls
 g - 4 scrolls of fear
 h - 4 scrolls of teleportation
 i - a scroll of blinking
 t - 3 scrolls of vulnerability
 x - a scroll of identify
Potions
 f - a potion of magic
 j - a potion of degeneration
 m - a potion of cancellation
 n - 2 potions of berserk rage
 o - a potion of flight
 r - 2 potions of heal wounds
 v - 7 potions of curing
 w - 3 potions of might
 z - 2 potions of lignification {unknown}


   Skills:
 - Level 4.0 Fighting
 - Level 2.6 Short Blades
 - Level 4.0 Ranged Weapons
 - Level 1.7 Throwing
 + Level 5.3 Dodging
 - Level 2.0 Stealth
 - Level 4.0 Spellcasting


You had 15 spell levels left.
You didn't know any spells.
Your spell library contained the following spells:

 Spells                   Type           Power      Damage    Failure   Level
 Necrotise                Necr           8%         1d4       30%         1
 Dazzling Flash           Conj/Hex       4%         N/A       67%         3
 Vampiric Draining        Necr           2%         2d6       67%         3
 Airstrike                Air            1%         2d(1-17)  97%         4
 Iskenderun's Mystic Bla  Conj/Tloc      2%         2d3       97%         4
 Summon Lightning Spire   Summ/Air       2%         N/A       97%         4
 Agony                    Necr           2%         N/A       100%        5
 Lightning Bolt           Conj/Air       1%         1d12      100%        5
 Starburst                Conj/Fire      1%         6d3       100%        6


Dungeon Overview and Level Annotations

Branches:
Dungeon (6/15)             Temple (0/1) D:4

Altars:
Fedhas
Hepliaklqana
Sif Muna
Trog

Shops:
D:3 ?

Annotations:
D:3 2 transporters


Innate Abilities, Weirdness & Mutations

You have large cloven feet.
You are partially covered in yellow scales. (AC +2)
You may rarely emit foul miasma when damaged in melee.


Message History

Fire: b) +1 sling (elec)
Press: ? - help, Shift-Dir - straight line, f/p - orc priest
Aim: an orc priest, wielding a +0 dagger and wearing a +0 scale mail (severely wounded, haloed, 83% to hit)
You shoot a sling bullet.
The sling bullet hits the orc priest but does no damage.
The orc priest is severely wounded.
The orc priest hits you with a +0 dagger.
* * * LOW HITPOINT WARNING * * *
Fire: b) +1 sling (elec)
Press: ? - help, Shift-Dir - straight line, f/p - orc priest
Aim: an orc priest, wielding a +0 dagger and wearing a +0 scale mail (severely wounded, haloed, 83% to hit)
You shoot a sling bullet. The sling bullet hits the orc priest.
The orc priest is almost dead.
The orc priest barely misses you.
Fire: b) +1 sling (elec)
Press: ? - help, Shift-Dir - straight line, f/p - orc priest
Aim: an orc priest, wielding a +0 dagger and wearing a +0 scale mail (almost dead, haloed, 83% to hit)
You shoot a sling bullet.
The sling bullet hits the orc warrior but does no damage.
Lightning courses through the orc warrior!
The orc warrior is severely wounded.
Fire: b) +1 sling (elec)
Press: ? - help, Shift-Dir - straight line, f/p - orc priest
Aim: an orc priest, wielding a +0 dagger and wearing a +0 scale mail (almost dead, haloed, 83% to hit)
You shoot a sling bullet.
The sling bullet hits the orc priest but does no damage.
The orc priest is almost dead.
The orc priest looks braver for a moment.
The orc warrior unwields a +0 arbalest.
The orc warrior wields a +0 battleaxe.
The orc warrior hits you with a +0 battleaxe!
* * * LOW HITPOINT WARNING * * *
Fire: b) +1 sling (elec)
Press: ? - help, Shift-Dir - straight line, f/p - orc priest
Aim: an orc priest, wielding a +0 dagger and wearing a +0 scale mail (almost dead, haloed, 83% to hit)
You shoot a sling bullet.
The sling bullet barely misses the orc priest.
The sling bullet barely misses the orc.
The orc priest begins to cast a cantrip, but forgets the words!
The orc warrior hits you with a +0 battleaxe!
You die...

...# .........##.### ##.)
!...........###
..............#
##...#......### ..
.##.###.)..#.#####
........#..o.###....#
#....#....#o##......###
#.)##...##.#.........#
.........o@...........#
#..............#....#
####..._.......†.##.....
..#...................)...
...........8......#.##....
..###.............#... ...
##..........._.........
........................
...##............##.....


You could see an orc warrior, an orc priest and an orc.

Vanquished Creatures
  An orc warrior (D:5)
  A black bear (D:5)
  An ogre (D:5)
  A centaur (D:6)
  A necrophage (D:3)
  A scorpion (D:5)
  2 howler monkeys (D:6)
  4 hounds
  2 orc priests
  A jelly (D:4)
  An iguana (D:4)
  Robin (D:4)
  10 adders
  A shadow imp (D:5)
  2 ufetubi (D:5)
  2 dart slugs (D:4)
  12 orcs
  6 endoplasms
  7 giant cockroaches
  18 goblins
  9 hobgoblins
  9 kobolds
  2 quokkas
  3 ball pythons
  5 bats
  3 frilled lizards (D:2)
  11 rats
117 creatures vanquished.

Vanquished Creatures (others)
  2 demonic plants (D:2)
  6 plants (D:3)
8 creatures vanquished.

Grand Total: 125 creatures vanquished

Notes
Turn   | Place    | Note
-------+----------+-------------------------------------------
     0 | D:1      | Newt the Demonspawn Gladiator began the quest for the Orb.
     0 | D:1      | Reached XP level 1. HP: 16/16 MP: 1/1
    74 | D:1      | Reached skill level 1 in Stealth
   149 | D:1      | Gained mutation: You have large cloven feet. [demonic
                  | ancestry]
   149 | D:1      | Reached XP level 2. HP: 22/22 MP: 2/2
   321 | D:1      | Found a faded altar of an unknown god.
   568 | D:1      | Prayed at the altar of an unknown god.
   568 | D:1      | Became a worshipper of Sif Muna the Loreminder
   568 | D:1      | Reached * piety under Sif Muna
   622 | D:2      | Reached XP level 3. HP: 8/28 MP: 3/3
  1416 | D:2      | Gained mutation: You are partially covered in yellow
                  | scales. (AC +2) [demonic ancestry]
  1416 | D:2      | Reached XP level 4. HP: 37/37 MP: 4/4
  1526 | D:2      | Reached ** piety under Sif Muna
  2146 | D:3      | Found a transporter.
  2146 | D:3      | Found a transporter.
  2191 | D:3      | Found Vistymie's Magic Scroll Shop.
  2429 | D:3      | Reached skill level 1 in Ranged Weapons
  2593 | D:3      | Found a blossoming altar of Fedhas.
  2638 | D:4      | Noticed Robin
  2640 | D:4      | Noticed a necrophage
  2951 | D:3      | Killed a necrophage
  2952 | D:3      | Gained mutation: You may rarely emit foul miasma when
                  | damaged in melee. [demonic ancestry]
  2952 | D:3      | Reached XP level 5. HP: 32/42 MP: 5/5
  3012 | D:4      | Killed Robin
  3058 | D:4      | Found a staircase to the Ecumenical Temple.
  3179 | D:4      | Reached XP level 6. HP: 48/48 MP: 6/6
  3191 | D:4      | Reached *** piety under Sif Muna
  3309 | D:4      | Reached skill level 3 in Dodging
  3697 | D:5      | Entered Level 5 of the Dungeon
  3774 | D:5      | Reached skill level 4 in Dodging
  3774 | D:5      | Reached skill level 1 in Spellcasting
  3774 | D:5      | Reached XP level 7. HP: 36/54 MP: 6/9
  3971 | D:5      | HP: 2/54 [orc warrior/+0 trident (11)]
  4479 | D:6      | Found a bloodstained altar of Trog.
  4486 | D:6      | Found a hazy altar of Hepliaklqana.
  4567 | D:6      | Reached skill level 5 in Dodging
  4604 | D:6      | Reached XP level 8. HP: 21/60 MP: 14/14
  4615 | D:6      | Mangled by an orc warrior

Illustrated notes

Levels and vault maps discovered:
D:1:      minmay_arrival_four_houses, layout_loops_ring,
          ebering_ecumenical_altar_webs, amcnicky_mini_pool_small
D:2:      minmay_general_purpose_star, layout_basic,
          dreamdust_princess_corridor, minmay_misc_feat_cross,
          kennysheep_cross_room, minmay_stone_trees_large
D:3:      layout_basic, fedhas_altar_4, gammafunk_ghost_gnarly_gnolls,
          serial_shops, shop_statue
D:4:      layout_basic, minmay_temple_entry_glass, serial_rivers,
          chequers_serial_rivers_micro_c, chequers_serial_rivers_small_a,
          chequers_serial_rivers_micro_a, chequers_serial_rivers_micro_e,
          chequers_serial_rivers_small_b, chequers_serial_rivers_micro_b,
          uniq_robin
D:5:      layout_rooms, nicolae_nh_ransacked_shop
D:6:      layout_cave_pools, nemelex_xobeh_ov_fountains_minmay,
          grunt_temple_overflow_open, okawaru_ov_weapons_minmay, chequers_garden

Skill      XL: |  1  2  3  4  5  6  7 |
---------------+----------------------+-----
Stealth        | 1 2 |  2.0
Fighting       | 3 4 |  4.0
Ranged Weapons | 2 3 4 |  4.0
Dodging        | 4 5 |  5.3
Spellcasting   | 1 4 |  4.0
Short Blades   | |  2.6
Throwing       | |  1.7

Action                   |  1- 3 |  4- 6 |  7- 9 || total
-------------------------+-------+-------+-------++-------
Melee: Rapier            |    28 |       |       ||    28
 Fire: Sling             |   102 |   163 |    78 ||   343
Throw: Throwing net      |     1 |       |     2 ||     3
  Use: Scroll            |     6 |     7 |     6 ||    19
       Potion            |       |       |     1 ||     1
Armor: Leather armour    |    45 |    45 |     6 ||    96
Dodge: Dodged            |    72 |    65 |    28 ||   165

Table legend: (Time is in decaauts)
 A = Elapsed time spent in this place.
 B = Non-inter-level travel time spent in this place.
 C = Inter-level travel time spent in this place.
 D = Time resting spent in this place.
 E = Time spent auto-exploring this place.
 F = Levels seen in this place.
 G = Mean time per level.
                   A        B        C        D        E       F      G
               +--------+--------+--------+--------+--------+-----+--------+
         Total |   4732 |   4601 |    131 |    804 |   3009 |   6 |  788.7 |
       Dungeon |   4732 |   4601 |    131 |    804 |   3009 |   6 |  788.7 |
               +--------+--------+--------+--------+--------+-----+--------+

Top non-repeatable levels by time:
     D:2: 1387 daAuts
     D:3: 1023 daAuts
     D:5: 779 daAuts
     D:4: 766 daAuts
     D:1: 614 daAuts
     D:6: 161 daAuts
